 Seeded DCSS version 0.29.1-2-gbd0b4ee654 (webtiles) character file.

Game seed: 13102143588985963117 (custom seed)

35 valliere the Shield-Bearer (level 3, 30/30 HPs)
             Began as a Formicid Fighter on Oct 26, 2022.
             Quit the game on level 1 of the Dungeon.
             The game lasted 00:03:11 (866 turns).

valliere the Shield-Bearer (Formicid Fighter)        Turns: 866, Time: 00:03:12

Health: 30/30      AC:  7    Str: 28    XL:     3   Next: 52%
Magic:  3/3        EV:  9    Int:  7    God:
Gold:   34         SH:  5    Dex: 13    Spells: 2/2 levels left

rFire   . . .      SeeInvis +   a - +0 flail
rCold   . . .      Faith    .   c - +0 buckler
rNeg    . . .      Spirit   .   b - +0 scale mail
rPois   .          Reflect  .   (helmet unavailable)
rElec   .          Harm     .   (no cloak)
rCorr   .          Rampage  .   (no gloves)
Will    .....                   (no boots)
Stlth   ..........              (no amulet)
HPRegen 0.10/turn               f - +6 ring of strength
MPRegen 0.08/turn               (no ring)

@: no status effects
A: permanent stasis, dig shafts and tunnels, antennae 3, four strong arms
a: Dig, Shaft Self


You were on level 1 of the Dungeon.
You visited 1 branch of the dungeon, and saw 1 of its levels.

You collected 34 gold pieces.

Inventory:

Hand Weapons
 a - a +0 flail (weapon)
Armour
 b - a +0 scale mail (worn)
 c - a +0 buckler (worn)
Jewellery
 f - a +6 ring of strength (left hand)
Scrolls
 e - a scroll of identify {unknown}
 h - a scroll of teleportation {unknown}
 i - a scroll of blinking {unknown}
Potions
 d - a potion of might
 g - a potion of curing {unknown}


   Skills:
 + Level 3.6 Fighting
 * Level 2.9 Maces & Flails
 + Level 3.7 Armour
 - Level 4.0 Shields


You had 2 spell levels left.
You didn't know any spells.
Your spell library was empty.

Dungeon Overview and Level Annotations

Branches:
Dungeon (1/15)

Altars:

Shops:
D:1 *


Innate Abilities, Weirdness & Mutations

You cannot be hasted, slowed, berserked, paralysed or teleported.
You can dig through walls and to a lower floor.
You have a pair of large antennae on your head. (SInv)
Your four strong arms can wield two-handed weapons with a shield.


Message History

No target in view!
You sense a monster nearby.
No target in view!
No target in view!
Things that are here:
a +0 club; a goblin corpse A quokka comes into view.
Found Haorhuyl's General Store.
Found a stone staircase leading down.
You sock the quokka!
You kill the quokka!
A kobold comes into view. It is wielding a +0 whip.
The kobold shouts!
A dart slug comes into view.
The kobold hits you but does no damage.
You barely miss the kobold. The kobold barely misses you.
You closely miss the kobold. The kobold hits you but does no damage.
You block the kobold's attack.
You closely miss the kobold. The kobold hits you but does no damage.
You hit the kobold.
You kill the kobold!
The dart slug launches a dart at you. The slug dart hits you.
You block the dart slug's attack.
You barely miss the dart slug. You block the dart slug's attack.
You hit the dart slug but do no damage. The dart slug launches a dart at you.
The slug dart hits you but does no damage.
You hit the dart slug.
The dart slug is moderately wounded.
The dart slug barely misses you.
You hit the dart slug.
The dart slug is heavily wounded.
You block the dart slug's attack.
You thump the dart slug!
You kill the dart slug!
No target in view!
There is an entrance to Haorhuyl's General Store here.
Things that are here:
a +0 whip; a kobold corpse Are you sure you want to abandon this character and quit the game? (Confirm with "yes".)

.....
#.....)........#
.....
#.#P≈≈≈.≈≈≈P#..#
#....+.###≈≈.≈≈###..#
#....#...##≈.≈##....#
#......>###P.P###...#
#....#..# .....##...#
#....#..# ♣...♣.#...#
#... #..# ..8...#####
#... #@.# #.. #..#
### #.## #.# #.# #.#
#.# #.#


There were no monsters in sight!

Vanquished Creatures
  3 dart slugs (D:1)
  A ball python (D:1)
  2 bats (D:1)
  4 endoplasms (D:1)
  2 giant cockroaches (D:1)
  4 kobolds (D:1)
  A quokka (D:1)
  2 frilled lizards (D:1)
  5 goblins (D:1)
  3 rats (D:1)
27 creatures vanquished.

Notes
Turn   | Place    | Note
-------+----------+-------------------------------------------
     0 | D:1      | valliere the Formicid Fighter began the quest for the Orb.
     0 | D:1      | Reached XP level 1. HP: 18/18 MP: 1/1
     2 | D:1      | Noticed a ghoul
     4 | D:1      | Noticed a formicid
     6 | D:1      | Noticed a merfolk
     6 | D:1      | Noticed an octopode
     8 | D:1      | Noticed a palentonga
     8 | D:1      | Noticed a demigod
    10 | D:1      | Noticed a draconian
    12 | D:1      | Noticed a gargoyle
    12 | D:1      | Noticed a naga
    20 | D:1      | Noticed a tengu
    20 | D:1      | Noticed a felid
    22 | D:1      | Noticed a troll
    22 | D:1      | Noticed a spriggan
    24 | D:1      | Noticed a meteoran
    24 | D:1      | Noticed a minotaur
    26 | D:1      | Noticed an ogre
    26 | D:1      | Noticed a vine stalker
    28 | D:1      | Noticed a human
    28 | D:1      | Noticed a demonspawn
    30 | D:1      | Noticed an elf
    30 | D:1      | Noticed an ogre
    32 | D:1      | Noticed a formicid
    32 | D:1      | Noticed an elf
   141 | D:1      | Reached XP level 2. HP: 19/24 MP: 2/2
   362 | D:1      | Reached XP level 3. HP: 17/29 MP: 3/3
   806 | D:1      | Found Haorhuyl's General Store.
   866 | D:1      | Quit the game

Illustrated notes

Levels and vault maps discovered:
D:1:      kb_arrival_jail, layout_basic, serial_shops, shop, st_stairs_2,
          hex_intersection, dreamdust_princess_bridge, minmay_box_of_dots

Action                   || total
-------------------------++-------
Melee: Flail             ||    70
Armor: Scale mail        ||    36
Dodge: Dodged            ||    24
Block: Buckler           ||    21
